 Dungeon Crawl Stone Soup version 0.27.1-33-g824d729ab1 (webtiles) character file.

Game seed: 4178046643539970394

35 MisterFreud the Caller (level 3, 0/25 HPs)
             Began as a Gnoll Wanderer on Dec 1, 2021.
             Was a Follower of Sif Muna.
             Slain by a gnoll (7 damage)
             ... on level 2 of the Dungeon.
             The game lasted 00:04:13 (2156 turns).

MisterFreud the Caller (Gnoll Wanderer)             Turns: 2156, Time: 00:04:14

Health: 0/25       AC:  2    Str: 11    XL:     3   Next: 35%
Magic:  4/9        EV: 11    Int: 10    God:    Sif Muna [*.....]
Gold:   119        SH:  0    Dex: 13    Spells: 6/12 levels left

rFire    . . .     SeeInvis .   a - +0 dagger
rCold    . . .     Faith    .   (no shield)
rNeg     . . .     Spirit   .   b - +0 robe
rPois    .         Reflect  .   (no helmet)
rElec    .         Harm     .   (no cloak)
rCorr    .         Rampage  .   (no gloves)
Will     .....                  (no boots)
Stlth    ++........             (no amulet)
HPRegen  0.08/turn              (no ring)
MPRegen  0.11/turn              (no ring)

@: no status effects
A: fangs 1, strong nose, distributed training
a: Renounce Religion, Channel Magic


You were on level 2 of the Dungeon.
You worshipped Sif Muna.
Sif Muna was aware of your devotion.
You visited 1 branch of the dungeon, and saw 2 of its levels.

You collected 119 gold pieces.

Inventory:

Hand Weapons
 a - a +0 dagger (weapon)
Missiles
 d - 8 poisoned darts (quivered)
Armour
 b - a +0 robe (worn)
 m - a +0 chain mail of fire resistance
Scrolls
 e - a scroll of acquirement {unknown}
 g - a scroll of brand weapon {unknown}
 h - a scroll of fear {unknown}
 i - a scroll of identify {unknown}
 k - a scroll of teleportation {unknown}
Potions
 c - a potion of lignification
 f - a potion of heal wounds {unknown}
 j - a potion of mutation {unknown}
 l - 2 potions of flight {unknown}


   Skills:
 + Level 0.7 Fighting
 + Level 0.7 Short Blades
 + Level 0.7 Long Blades
 + Level 0.7 Axes
 + Level 0.7 Maces & Flails
 + Level 0.7 Polearms
 + Level 0.7 Staves
 + Level 0.7 Slings
 + Level 0.7 Bows
 + Level 0.7 Crossbows
 + Level 2.6 Throwing
 + Level 0.7 Armour
 + Level 0.7 Dodging
 + Level 2.3 Stealth
 + Level 0.7 Shields
 + Level 0.7 Unarmed Combat
 + Level 5.0 Spellcasting
 + Level 0.5 Conjurations
 + Level 0.5 Hexes
 + Level 7.1 Summonings
 + Level 0.5 Necromancy
 + Level 3.7 Translocations
 + Level 0.5 Transmutations
 + Level 0.5 Fire Magic
 + Level 0.5 Ice Magic
 + Level 0.5 Air Magic
 + Level 0.5 Earth Magic
 + Level 0.5 Poison Magic
 + Level 0.9 Invocations
 + Level 0.7 Evocations


You had 6 spell levels left.
You knew the following spells:

 Your Spells              Type           Power      Damage    Failure   Level
a - Summon Small Mammal   Summ           64%        N/A       1%          1
b - Magic Dart            Conj           12%        1d3       19%         1
c - Call Imp              Summ           16%        N/A       1%          2
d - Blink                 Tloc           N/A        N/A       8%          2

Your spell library contained the following spells:

 Spells                   Type           Power      Damage    Failure   Level
 Call Canine Familiar     Summ           16%        N/A       3%          3
 Slow                     Hex            3%         N/A       28%         2
 Conjure Flame            Conj/Fire      3%         6-21      50%         3
 Mephitic Cloud           Conj/Pois/Air  3%         N/A       50%         3


Dungeon Overview and Level Annotations

Branches:
Dungeon (2/15)

Altars:
Sif Muna

Annotations:
D:2 Jessica


Innate Abilities, Weirdness & Mutations

You have very sharp teeth.
Your uncanny sense of smell can sniff out nearby items.
Your experience applies equally to all skills.


Message History

Your white imp gestures at the ball python.
The puff of frost hits the ball python!
The ball python dies!
Sif Muna accepts your kill.
No target in view!
No target in view!
Magic restored.
You swap places.
Your white imp disappears in a puff of smoke!
A quokka is nearby!
A hobgoblin and 2 gnolls come into view.
The gnoll hits you with a +0 spear.
The gnoll shouts!
The gnoll barely misses you.
Casting: Call Imp (safe; 1% risk of failure)
Confirm with . or Enter, or press ? or * to list all spells.
A beastly little devil appears in a puff of flame.
The gnoll hits you from afar with a +0 spear.
You swap places.
The gnoll barely misses you.
Casting: Call Imp (safe; 1% risk of failure)
Confirm with . or Enter, or press ? or * to list all spells.
A beastly little devil appears in a puff of flame.
The gnoll hits you from afar with a +0 spear.
The quokka twitches its whiskers.
Found a stone staircase leading down.
Your crimson imp blinks!
Your crimson imp blinks!
Casting: Call Imp (safe; 1% risk of failure)
Confirm with . or Enter, or press ? or * to list all spells.
A shadowy apparition takes form in the air.
The quokka misses your crimson imp.
The gnoll hits you from afar with a +0 spear!
* * * LOW HITPOINT WARNING * * *
Your crimson imp blinks!
Jessica the Apprentice Sorceress comes into view.
She is wielding a +0 club.
Your shadow imp barely misses the gnoll.
There is a stone staircase leading up here.
Your crimson imp hits the gnoll.
The gnoll hits you with a +0 whip!
You die...

####.##.#####.#....... #.##.#
#.#.#...# #.##.# #....g..#
#.#..# #@#.##..#
#....#####.#.##.
##..........#...> # ####
#.......#r5.......# # ..(
##......#.#.####...
#.#####.######.#@#5#<#.# g#
#..............#.ggr...####.#
.............#####..........
#.##...........#.....######.
#.##........##.#.#...#
#...........##...#...#
#.........>.######...#
...........# #...#
#.#####†#### #...#


You could see 2 gnolls and a quokka.

Vanquished Creatures
  A dart slug (D:1)
  An endoplasm (D:1)
  A giant cockroach (D:2)
  2 goblins (D:2)
  A hobgoblin (D:1)
  2 quokkas (D:1)
  A ball python (D:1)
  4 bats (D:1)
  4 frilled lizards
  5 rats
22 creatures vanquished.

Vanquished Creatures (collateral kills)
  A worm (D:2)
  A bat (D:1)
  3 endoplasms (D:1)
  A hobgoblin (D:1)
  4 jackals (D:1)
  4 kobolds (D:1)
  3 ball pythons
  2 rats (D:1)
19 creatures vanquished.

Vanquished Creatures (others)
  A plant (D:1)
1 creature vanquished.

Grand Total: 42 creatures vanquished

Notes
Turn   | Place    | Note
-------+----------+-------------------------------------------
     0 | D:1      | MisterFreud the Gnoll Wanderer began the quest for the Orb.
     0 | D:1      | MisterFreud set off with the following items: a +0 dagger,
                  | a +0 robe, a potion of lignification; and the following
                  | spells available to memorise: Summon Small Mammal, Call
                  | Imp, Call Canine Familiar, Blink, Magic Dart, Slow, Conjure
                  | Flame, Mephitic Cloud
     0 | D:1      | Reached XP level 1. HP: 13/13 MP: 6/6
    16 | D:1      | Learned a level 1 spell: Summon Small Mammal
    18 | D:1      | Learned a level 1 spell: Magic Dart
    95 | D:1      | You fall into a shaft and drop 1 floor!
   538 | D:2      | Reached XP level 2. HP: 19/19 MP: 5/7
   541 | D:2      | Learned a level 2 spell: Call Imp
   544 | D:2      | Learned a level 2 spell: Blink
  1227 | D:1      | Reached XP level 3. HP: 25/25 MP: 9/9
  1268 | D:1      | Reached skill level 5 in Spellcasting
  1292 | D:1      | Found a faded altar of an unknown god.
  1297 | D:1      | Became a worshipper of Sif Muna the Loreminder
  1297 | D:1      | Reached * piety under Sif Muna
  2151 | D:2      | Noticed Jessica
  2156 | D:2      | Slain by a gnoll

Illustrated notes

Levels and vault maps discovered:
D:1:      dpeg_arrival_circle_labyrinth_c, layout_loops_ring,
          shapermc_ecumenical_altar_mp_ritualfount
D:2:      layout_loops_cross, uniq_jessica

Skill      XL: |  1  2  3 |
---------------+----------+-----
Spellcasting   | 5 |  5.0
Fighting       | |  0.7
Short Blades   | |  0.7
Long Blades    | |  0.7
Axes           | |  0.7
Maces & Flails | |  0.7
Polearms       | |  0.7
Staves         | |  0.7
Slings         | |  0.7
Bows           | |  0.7
Crossbows      | |  0.7
Throwing       | |  2.6
Armour         | |  0.7
Dodging        | |  0.7
Stealth        | |  2.3
Shields        | |  0.7
Unarmed Combat | |  0.7
Conjurations   | |  0.5
Hexes          | |  0.5
Summonings     | |  7.1
Necromancy     | |  0.5
Translocations | |  3.7
Transmutations | |  0.5
Fire Magic     | |  0.5
Ice Magic      | |  0.5
Air Magic      | |  0.5
Earth Magic    | |  0.5
Poison Magic   | |  0.5
Invocations    | |  0.9
Evocations     | |  0.7

Action                   || total
-------------------------++-------
Melee: Dagger            ||    59
       Bite              ||     7
 Cast: Magic Dart        ||    22
       Summon Small Mamm ||     3
       Call Imp          ||    18
 Stab: Sleeping          ||     5
       Distracted        ||     1
Armor: Robe              ||    18
Dodge: Dodged            ||    45
